Workbook

Sheet Devis
D2: La Pause Gourmande
B4: Devis N° : | F4: Client : | H4: Ville : | N4: Tarifs en francs FCFA
B5: Commercial : | F5: Contact : | I5: C.P. :
B6: Tél. : | F6: Rue : | I6: Date :
B7: Réf. Affaire : | F7: Tél.: | H7: Fax :
B8: Type de matériel :
B9: Qté | C9: Réf. : | D9: Descriptif | G9: Désignation | H9: U | I9: Prix U/HT | K9: PU Remisé | L9: Total Brut | M9: Total Remisé | N9: Prix U/HT | O9: Total Brut
B10: 1 | C10: 1 | D10: =IF(C10="","",VLOOKUP(C10,'Base référence et prix'!$A$3:$G$25,2,0)) -> Sac de maïs 25kg | G10: =IF(C10="","",VLOOKUP(C10,'Base référence et prix'!$A$3:$G$25,3,0)) -> Sac maïs 25kg | H10: =IF(C10="",0,VLOOKUP(C10,'Base référence et prix'!$A$3:$G$25,4,0)) -> 25 kilos | I10: =IF(C10="",0,VLOOKUP(C10,'Base référence et prix'!$A$3:$G$25,5,0)) -> 41.2 | K10: =IF(I10="","",(I10/100)*(100-H35)) -> 37.08 | L10: =IFERROR(I10*B10,0) -> 41.2 | M10: =IF(I10="",0,(L10/100)*(100-$H$35)) -> 37.08 | N10: =IF(C10="",0,VLOOKUP(C10,'Base référence et prix'!$A$3:$J$25,8,0)) -> 27157.804 | O10: =N10*B10 -> 27157.804
B11: 25 | C11: 2 | D11: =IF(C11="","",VLOOKUP(C11,'Base référence et prix'!$A$3:$G$25,2,0)) -> Sucre en poudre 1kg | G11: =IF(C11="","",VLOOKUP(C11,'Base référence et prix'!$A$3:$G$25,3,0)) -> Sucre en poudre 1kg | H11: =IF(C11="",0,VLOOKUP(C11,'Base référence et prix'!$A$3:$G$25,4,0)) -> 1 kilo | I11: =IF(C11="",0,VLOOKUP(C11,'Base référence et prix'!$A$3:$G$25,5,0)) -> 1.22 | K11: =IF(I11="","",(I11/100)*(100-H35)) -> 1.098 | L11: =IFERROR(I11*B11,0) -> 30.5 | M11: =IF(I11="",0,(L11/100)*(100-$H$35)) -> 27.45 | N11: =IF(C11="",0,VLOOKUP(C11,'Base référence et prix'!$A$3:$J$25,8,0)) -> 804.1874 | O11: =N11*B11 -> 20104.685
B12: 25 | C12: 3 | D12: =IF(C12="","",VLOOKUP(C12,'Base référence et prix'!$A$3:$G$25,2,0)) -> Sac de sel | G12: =IF(C12="","",VLOOKUP(C12,'Base référence et prix'!$A$3:$G$25,3,0)) -> Sac de 5kg | H12: =IF(C12="",0,VLOOKUP(C12,'Base référence et prix'!$A$3:$G$25,4,0)) -> 5 kilos | I12: =IF(C12="",0,VLOOKUP(C12,'Base référence et prix'!$A$3:$G$25,5,0)) -> 1.25 | K12: =IF(I12="","",(I12/100)*(100-H35)) -> 1.125 | L12: =IFERROR(I12*B12,0) -> 31.25 | M12: =IF(I12="",0,(L12/100)*(100-$H$35)) -> 28.125 | N12: =IF(C12="",0,VLOOKUP(C12,'Base référence et prix'!$A$3:$J$25,8,0)) -> 823.9625 | O12: =N12*B12 -> 20599.062
B13: 1 | C13: 4 | D13: =IF(C13="","",VLOOKUP(C13,'Base référence et prix'!$A$3:$G$25,2,0)) -> Lait en poudre | G13: =IF(C13="","",VLOOKUP(C13,'Base référence et prix'!$A$3:$G$25,3,0)) -> Pot de 5kg | H13: =IF(C13="",0,VLOOKUP(C13,'Base référence et prix'!$A$3:$G$25,4,0)) -> 5 kilo | I13: =IF(C13="",0,VLOOKUP(C13,'Base référence et prix'!$A$3:$G$25,5,0)) -> 27.44 | K13: =IF(I13="","",(I13/100)*(100-H38)) -> 27.44 | L13: =IFERROR(I13*B13,0) -> 27.44 | M13: =IF(I13="",0,(L13/100)*(100-$H$35)) -> 24.696 | N13: =IF(C13="",0,VLOOKUP(C13,'Base référence et prix'!$A$3:$J$25,8,0)) -> 18087.625 | O13: =N13*B13 -> 18087.625
B14: 1 | C14: 5 | D14: =IF(C14="","",VLOOKUP(C14,'Base référence et prix'!$A$3:$G$25,2,0)) -> Bidon d'huile d'arrachide | G14: =IF(C14="","",VLOOKUP(C14,'Base référence et prix'!$A$3:$G$25,3,0)) -> Bidon de 20 litres | H14: =IF(C14="",0,VLOOKUP(C14,'Base référence et prix'!$A$3:$G$25,4,0)) -> 20 litres | I14: =IF(C14="",0,VLOOKUP(C14,'Base référence et prix'!$A$3:$G$25,5,0)) -> 30.5 | K14: =IF(I14="","",(I14/100)*(100-H39)) -> 19.67921 | L14: =IFERROR(I14*B14,0) -> 30.5 | M14: =IF(I14="",0,(L14/100)*(100-$H$35)) -> 27.45 | N14: =IF(C14="",0,VLOOKUP(C14,'Base référence et prix'!$A$3:$J$25,8,0)) -> 20104.685 | O14: =N14*B14 -> 20104.685
B15: 1550 | C15: 6 | D15: =IF(C15="","",VLOOKUP(C15,'Base référence et prix'!$A$3:$G$25,2,0)) -> Sachet | G15: =IF(C15="","",VLOOKUP(C15,'Base référence et prix'!$A$3:$G$25,3,0)) -> Sachets | H15: =IF(C15="",0,VLOOKUP(C15,'Base référence et prix'!$A$3:$G$25,4,0)) -> U | I15: =IF(C15="",0,VLOOKUP(C15,'Base référence et prix'!$A$3:$G$25,5,0)) -> 0.01 | K15: =IF(I15="","",(I15/100)*(100-H40)) -> 0.01 | L15: =IFERROR(I15*B15,0) -> 15.5 | M15: =IF(I15="",0,(L15/100)*(100-$H$35)) -> 13.95 | N15: =IF(C15="",0,VLOOKUP(C15,'Base référence et prix'!$A$3:$J$25,8,0)) -> 6.5917 | O15: =N15*B15 -> 10217.135
D16: =IF(C16="","",VLOOKUP(C16,'Base référence et prix'!$A$3:$G$25,2,0)) | G16: =IF(C16="","",VLOOKUP(C16,'Base référence et prix'!$A$3:$G$25,3,0)) | H16: =IF(C16="",0,VLOOKUP(C16,'Base référence et prix'!$A$3:$G$25,4,0)) -> 0 | I16: =IF(C16="",0,VLOOKUP(C16,'Base référence et prix'!$A$3:$G$25,5,0)) -> 0 | K16: =IF(I16="","",(I16/100)*(100-H41)) -> 0 | L16: =IFERROR(I16*B16,0) -> 0 | M16: =IF(I16="",0,(L16/100)*(100-$H$35)) -> 0 | N16: =IF(C16="",0,VLOOKUP(C16,'Base référence et prix'!$A$3:$J$25,8,0)) -> 0 | O16: =N16*B16 -> 0
B17: 0 | D17: =IF(C17="","",VLOOKUP(C17,'Base référence et prix'!$A$3:$G$25,2,0)) | G17: =IF(C17="","",VLOOKUP(C17,'Base référence et prix'!$A$3:$G$25,3,0)) | H17: =IF(C17="",0,VLOOKUP(C17,'Base référence et prix'!$A$3:$G$25,4,0)) -> 0 | I17: =IF(C17="",0,VLOOKUP(C17,'Base référence et prix'!$A$3:$G$25,5,0)) -> 0 | K17: =IF(I17="","",(I17/100)*(100-H42)) -> 0 | L17: =IFERROR(I17*B17,0) -> 0 | M17: =IF(I17="",0,(L17/100)*(100-$H$35)) -> 0 | N17: =IF(C17="",0,VLOOKUP(C17,'Base référence et prix'!$A$3:$J$25,8,0)) -> 0 | O17: =N17*B17 -> 0
B18: 0 | D18: =IF(C18="","",VLOOKUP(C18,'Base référence et prix'!$A$3:$G$25,2,0)) | G18: =IF(C18="","",VLOOKUP(C18,'Base référence et prix'!$A$3:$G$25,3,0)) | H18: =IF(C18="",0,VLOOKUP(C18,'Base référence et prix'!$A$3:$G$25,4,0)) -> 0 | I18: =IF(C18="",0,VLOOKUP(C18,'Base référence et prix'!$A$3:$G$25,5,0)) -> 0 | K18: =IF(I18="","",(I18/100)*(100-H43)) -> 0 | L18: =IFERROR(I18*B18,0) -> 0 | M18: =IF(I18="",0,(L18/100)*(100-$H$35)) -> 0 | N18: =IF(C18="",0,VLOOKUP(C18,'Base référence et prix'!$A$3:$J$25,8,0)) -> 0 | O18: =N18*B18 -> 0
B19: 0 | D19: =IF(C19="","",VLOOKUP(C19,'Base référence et prix'!$A$3:$G$25,2,0)) | G19: =IF(C19="","",VLOOKUP(C19,'Base référence et prix'!$A$3:$G$25,3,0)) | H19: =IF(C19="",0,VLOOKUP(C19,'Base référence et prix'!$A$3:$G$25,4,0)) -> 0 | I19: =IF(C19="",0,VLOOKUP(C19,'Base référence et prix'!$A$3:$G$25,5,0)) -> 0 | K19: =IF(I19="","",(I19/100)*(100-H44)) -> 0 | L19: =IFERROR(I19*B19,0) -> 0 | M19: =IF(I19="",0,(L19/100)*(100-$H$35)) -> 0 | N19: =IF(C19="",0,VLOOKUP(C19,'Base référence et prix'!$A$3:$J$25,8,0)) -> 0 | O19: =N19*B19 -> 0
B20: 0 | D20: =IF(C20="","",VLOOKUP(C20,'Base référence et prix'!$A$3:$G$25,2,0)) | G20: =IF(C20="","",VLOOKUP(C20,'Base référence et prix'!$A$3:$G$25,3,0)) | H20: =IF(C20="",0,VLOOKUP(C20,'Base référence et prix'!$A$3:$G$25,4,0)) -> 0 | I20: =IF(C20="",0,VLOOKUP(C20,'Base référence et prix'!$A$3:$G$25,5,0)) -> 0 | K20: =IF(I20="","",(I20/100)*(100-H45)) -> 0 | L20: =IFERROR(I20*B20,0) -> 0 | M20: =IF(I20="",0,(L20/100)*(100-$H$35)) -> 0 | N20: =IF(C20="",0,VLOOKUP(C20,'Base référence et prix'!$A$3:$J$25,8,0)) -> 0 | O20: =N20*B20 -> 0
B21: 0 | D21: =IF(C21="","",VLOOKUP(C21,'Base référence et prix'!$A$3:$G$25,2,0)) | G21: =IF(C21="","",VLOOKUP(C21,'Base référence et prix'!$A$3:$G$25,3,0)) | H21: =IF(C21="",0,VLOOKUP(C21,'Base référence et prix'!$A$3:$G$25,4,0)) -> 0 | I21: =IF(C21="",0,VLOOKUP(C21,'Base référence et prix'!$A$3:$G$25,5,0)) -> 0 | K21: =IF(I21="","",(I21/100)*(100-H46)) -> 0 | L21: =IFERROR(I21*B21,0) -> 0 | M21: =IF(I21="",0,(L21/100)*(100-$H$35)) -> 0 | N21: =IF(C21="",0,VLOOKUP(C21,'Base référence et prix'!$A$3:$J$25,8,0)) -> 0 | O21: =N21*B21 -> 0
B22: 0 | D22: =IF(C22="","",VLOOKUP(C22,'Base référence et prix'!$A$3:$G$25,2,0)) | G22: =IF(C22="","",VLOOKUP(C22,'Base référence et prix'!$A$3:$G$25,3,0)) | H22: =IF(C22="",0,VLOOKUP(C22,'Base référence et prix'!$A$3:$G$25,4,0)) -> 0 | I22: =IF(C22="",0,VLOOKUP(C22,'Base référence et prix'!$A$3:$G$25,5,0)) -> 0 | K22: =IF(I22="","",(I22/100)*(100-H47)) -> 0 | L22: =IFERROR(I22*B22,0) -> 0 | M22: =IF(I22="",0,(L22/100)*(100-$H$35)) -> 0 | N22: =IF(C22="",0,VLOOKUP(C22,'Base référence et prix'!$A$3:$J$25,8,0)) -> 0 | O22: =N22*B22 -> 0
B23: 0 | D23: =IF(C23="","",VLOOKUP(C23,'Base référence et prix'!$A$3:$G$25,2,0)) | G23: =IF(C23="","",VLOOKUP(C23,'Base référence et prix'!$A$3:$G$25,3,0)) | H23: =IF(C23="",0,VLOOKUP(C23,'Base référence et prix'!$A$3:$G$25,4,0)) -> 0 | I23: =IF(C23="",0,VLOOKUP(C23,'Base référence et prix'!$A$3:$G$25,5,0)) -> 0 | K23: =IF(I23="","",(I23/100)*(100-H48)) -> 0 | L23: =IFERROR(I23*B23,0) -> 0 | M23: =IF(I23="",0,(L23/100)*(100-$H$35)) -> 0 | N23: =IF(C23="",0,VLOOKUP(C23,'Base référence et prix'!$A$3:$J$25,8,0)) -> 0 | O23: =N23*B23 -> 0
B24: 0 | D24: =IF(C24="","",VLOOKUP(C24,'Base référence et prix'!$A$3:$G$25,2,0)) | G24: =IF(C24="","",VLOOKUP(C24,'Base référence et prix'!$A$3:$G$25,3,0)) | H24: =IF(C24="",0,VLOOKUP(C24,'Base référence et prix'!$A$3:$G$25,4,0)) -> 0 | I24: =IF(C24="",0,VLOOKUP(C24,'Base référence et prix'!$A$3:$G$25,5,0)) -> 0 | K24: =IF(I24="","",(I24/100)*(100-H49)) -> 0 | L24: =IFERROR(I24*B24,0) -> 0 | M24: =IF(I24="",0,(L24/100)*(100-$H$35)) -> 0 | N24: =IF(C24="",0,VLOOKUP(C24,'Base référence et prix'!$A$3:$J$25,8,0)) -> 0 | O24: =N24*B24 -> 0
B25: 0 | D25: =IF(C25="","",VLOOKUP(C25,'Base référence et prix'!$A$3:$G$25,2,0)) | G25: =IF(C25="","",VLOOKUP(C25,'Base référence et prix'!$A$3:$G$25,3,0)) | H25: =IF(C25="",0,VLOOKUP(C25,'Base référence et prix'!$A$3:$G$25,4,0)) -> 0 | I25: =IF(C25="",0,VLOOKUP(C25,'Base référence et prix'!$A$3:$G$25,5,0)) -> 0 | K25: =IF(I25="","",(I25/100)*(100-H50)) -> 0 | L25: =IFERROR(I25*B25,0) -> 0 | M25: =IF(I25="",0,(L25/100)*(100-$H$35)) -> 0 | N25: =IF(C25="",0,VLOOKUP(C25,'Base référence et prix'!$A$3:$J$25,8,0)) -> 0 | O25: =N25*B25 -> 0
B26: 0 | D26: =IF(C26="","",VLOOKUP(C26,'Base référence et prix'!$A$3:$G$25,2,0)) | G26: =IF(C26="","",VLOOKUP(C26,'Base référence et prix'!$A$3:$G$25,3,0)) | H26: =IF(C26="",0,VLOOKUP(C26,'Base référence et prix'!$A$3:$G$25,4,0)) -> 0 | I26: =IF(C26="",0,VLOOKUP(C26,'Base référence et prix'!$A$3:$G$25,5,0)) -> 0 | K26: =IF(I26="","",(I26/100)*(100-H51)) -> 0 | L26: =IFERROR(I26*B26,0) -> 0 | M26: =IF(I26="",0,(L26/100)*(100-$H$35)) -> 0 | N26: =IF(C26="",0,VLOOKUP(C26,'Base référence et prix'!$A$3:$J$25,8,0)) -> 0 | O26: =N26*B26 -> 0
B27: 0 | D27: =IF(C27="","",VLOOKUP(C27,'Base référence et prix'!$A$3:$G$25,2,0)) | G27: =IF(C27="","",VLOOKUP(C27,'Base référence et prix'!$A$3:$G$25,3,0)) | H27: =IF(C27="",0,VLOOKUP(C27,'Base référence et prix'!$A$3:$G$25,4,0)) -> 0 | I27: =IF(C27="",0,VLOOKUP(C27,'Base référence et prix'!$A$3:$G$25,5,0)) -> 0 | K27: =IF(I27="","",(I27/100)*(100-H52)) -> 0 | L27: =IFERROR(I27*B27,0) -> 0 | M27: =IF(I27="",0,(L27/100)*(100-$H$35)) -> 0 | N27: =IF(C27="",0,VLOOKUP(C27,'Base référence et prix'!$A$3:$J$25,8,0)) -> 0 | O27: =N27*B27 -> 0
B28: 0 | D28: =IF(C28="","",VLOOKUP(C28,'Base référence et prix'!$A$3:$G$25,2,0)) | G28: =IF(C28="","",VLOOKUP(C28,'Base référence et prix'!$A$3:$G$25,3,0)) | H28: =IF(C28="",0,VLOOKUP(C28,'Base référence et prix'!$A$3:$G$25,4,0)) -> 0 | I28: =IF(C28="",0,VLOOKUP(C28,'Base référence et prix'!$A$3:$G$25,5,0)) -> 0 | K28: =IF(I28="","",(I28/100)*(100-H53)) -> 0 | L28: =IFERROR(I28*B28,0) -> 0 | M28: =IF(I28="",0,(L28/100)*(100-$H$35)) -> 0 | N28: =IF(C28="",0,VLOOKUP(C28,'Base référence et prix'!$A$3:$J$25,8,0)) -> 0 | O28: =N28*B28 -> 0
... B30: 0 | D30: =IF(C30="","",VLOOKUP(C30,'Base référence et prix'!$A$3:$G$25,2,0)) | G30: =IF(C30="","",VLOOKUP(C30,'Base référence et prix'!$A$3:$G$25,3,0)) | H30: =IF(C30="",0,VLOOKUP(C30,'Base référence et prix'!$A$3:$G$25,4,0)) -> 0 | I30: =IF(C30="",0,VLOOKUP(C30,'Base référence et prix'!$A$3:$G$25,5,0)) -> 0 | K30: =IF(I30="","",(I30/100)*(100-H55)) -> 0 | L30: =IFERROR(I30*B30,0) -> 0 | M30: =IF(I30="",0,(L30/100)*(100-$H$35)) -> 0 | N30: =IF(C30="",0,VLOOKUP(C30,'Base référence et prix'!$A$3:$J$25,8,0)) -> 0 | O30: =N30*B30 -> 0
B31: 0 | D31: =IF(C31="","",VLOOKUP(C31,'Base référence et prix'!$A$3:$G$25,2,0)) | G31: =IF(C31="","",VLOOKUP(C31,'Base référence et prix'!$A$3:$G$25,3,0)) | H31: =IF(C31="",0,VLOOKUP(C31,'Base référence et prix'!$A$3:$G$25,4,0)) -> 0 | I31: =IF(C31="",0,VLOOKUP(C31,'Base référence et prix'!$A$3:$G$25,5,0)) -> 0 | K31: =IF(I31="","",(I31/100)*(100-H88)) -> 0 | L31: =IFERROR(I31*B31,0) -> 0 | M31: =IF(I31="",0,(L31/100)*(100-$H$35)) -> 0 | N31: =IF(C31="",0,VLOOKUP(C31,'Base référence et prix'!$A$3:$J$25,8,0)) -> 0 | O31: =N31*B31 -> 0
D32: =IF(C32="","",VLOOKUP(C32,'Base référence et prix'!$A$3:$G$25,2,0)) | G32: =IF(C32="","",VLOOKUP(C32,'Base référence et prix'!$A$3:$G$25,3,0)) | H32: =IF(C32="",0,VLOOKUP(C32,'Base référence et prix'!$A$3:$G$25,4,0)) -> 0 | I32: =IF(C32="",0,VLOOKUP(C32,'Base référence et prix'!$A$3:$G$25,5,0)) -> 0 | K32: =IF(I32="","",(I32/100)*(100-H89)) -> 0 | L32: =IFERROR(I32*B32,0) -> 0 | M32: =IF(I32="",0,(L32/100)*(100-$H$35)) -> 0 | N32: =IF(C32="",0,VLOOKUP(C32,'Base référence et prix'!$A$3:$J$25,8,0)) -> 0 | O32: =N32*B32 -> 0
G33: Total linéaire chiffré ==> | L33: =SUM(L10:L32) -> 176.39 | M33: =SUM(M10:M32) -> 158.751 | O33: =SUM(O10:O32) -> 116271
G35: Remise ==> | H35: 10
G37: Montant total h/t ==> | H37: =L33+F41 -> 177.39 | K37: Montant total remisé h/t ==> | M37: =M33+F41 -> 159.751 | O37: =O33+H41 -> 116483.86
G39: T.V.A. ==> | H39: =H37/100*20 -> 35.478 | M39: =M37/100*20 -> 31.9502 | O39: =O37/100*20 -> 23296.773
B41: Participation forfaitaire au transport si montant < 1000 € ==> | F41: 1 | G41: Montant total ttc ==> | H41: =H37+H39 -> 212.868 | M41: =M37+M39 -> 191.7012 | O41: =O37+O39 -> 139780.64

Sheet Base référence et prix
E1: Euros € | H1: Francs CFA
A2: Réf. | B2: Description | C2: Désignation | D2: Quantité | E2: Prix HT | F2: TVA | G2: Prix TTC | H2: Prix HT | I2: TVA | J2: Prix TTC
A3: 1 | B3: Sac de maïs 25kg | C3: Sac maïs 25kg | D3: 25 kilos | E3: 41.2 | F3: =E3/100*20 -> 8.24 | G3: =IF(ISERROR(E3+F3),"",E3+F3) -> 49.44 | H3: =E3*J26 -> 27157.804 | I3: =H3/100*18 -> 4888.4047 | J3: =IF(ISERROR(H3+I3),"",H3+I3) -> 32046.209
A4: 2 | B4: Sucre en poudre 1kg | C4: Sucre en poudre 1kg | D4: 1 kilo | E4: 1.22 | F4: =IF(E4/100*20=0,"",E4/100*20) -> 0.244 | G4: =IF(ISERROR(E4+F4),"",E4+F4) -> 1.464 | H4: =E4*J26 -> 804.1874 | I4: =IF(H4/100*20=0,"",H4/100*20) -> 160.83748 | J4: =IF(ISERROR(H4+I4),"",H4+I4) -> 965.02488
A5: 3 | B5: Sac de sel | C5: Sac de 5kg | D5: 5 kilos | E5: 1.25 | F5: =IF(E5/100*20=0,"",E5/100*20) -> 0.25 | G5: =IF(ISERROR(E5+F5),"",E5+F5) -> 1.5 | H5: =E5*J26 -> 823.9625 | I5: =IF(H5/100*20=0,"",H5/100*20) -> 164.7925 | J5: =IF(ISERROR(H5+I5),"",H5+I5) -> 988.755
A6: 4 | B6: Lait en poudre | C6: Pot de 5kg | D6: 5 kilo | E6: 27.44 | F6: =IF(E6/100*20=0,"",E6/100*20) -> 5.488 | G6: =IF(ISERROR(E6+F6),"",E6+F6) -> 32.928 | H6: =E6*J26 -> 18087.625 | I6: =IF(H6/100*20=0,"",H6/100*20) -> 3617.525 | J6: =IF(ISERROR(H6+I6),"",H6+I6) -> 21705.15
A7: 5 | B7: Bidon d'huile d'arrachide | C7: Bidon de 20 litres | D7: 20 litres | E7: 30.5 | F7: =IF(E7/100*20=0,"",E7/100*20) -> 6.1 | G7: =IF(ISERROR(E7+F7),"",E7+F7) -> 36.6 | H7: =E7*J26 -> 20104.685 | I7: =IF(H7/100*20=0,"",H7/100*20) -> 4020.937 | J7: =IF(ISERROR(H7+I7),"",H7+I7) -> 24125.622
A8: 6 | B8: Sachet | C8: Sachets | D8: U | E8: 0.01 | F8: =IF(E8/100*20=0,"",E8/100*20) -> 0.002 | G8: =IF(ISERROR(E8+F8),"",E8+F8) -> 0.012 | H8: =E8*J26 -> 6.5917 | I8: =IF(H8/100*20=0,"",H8/100*20) -> 1.31834 | J8: =IF(ISERROR(H8+I8),"",H8+I8) -> 7.91004
F9: =IF(E9/100*20=0,"",E9/100*20) | G9: =IF(ISERROR(E9+F9),"",E9+F9) | H9: =E9*J26 -> 0 | I9: =IF(H9/100*20=0,"",H9/100*20) | J9: =IF(ISERROR(H9+I9),"",H9+I9)
F10: =IF(E10/100*20=0,"",E10/100*20) | G10: =IF(ISERROR(E10+F10),"",E10+F10) | H10: =E10*J26 -> 0 | I10: =IF(H10/100*20=0,"",H10/100*20) | J10: =IF(ISERROR(H10+I10),"",H10+I10)
F11: =IF(E11/100*20=0,"",E11/100*20) | G11: =IF(ISERROR(E11+F11),"",E11+F11) | H11: =E11*J26 -> 0 | I11: =IF(H11/100*20=0,"",H11/100*20) | J11: =IF(ISERROR(H11+I11),"",H11+I11)
F12: =IF(E12/100*20=0,"",E12/100*20) | G12: =IF(ISERROR(E12+F12),"",E12+F12) | H12: =E12*J26 -> 0 | I12: =IF(H12/100*20=0,"",H12/100*20) | J12: =IF(ISERROR(H12+I12),"",H12+I12)
F13: =IF(E13/100*20=0,"",E13/100*20) | G13: =IF(ISERROR(E13+F13),"",E13+F13) | H13: =E13*J26 -> 0 | I13: =IF(H13/100*20=0,"",H13/100*20) | J13: =IF(ISERROR(H13+I13),"",H13+I13)
F14: =IF(E14/100*20=0,"",E14/100*20) | G14: =IF(ISERROR(E14+F14),"",E14+F14) | H14: =E14*J26 -> 0 | I14: =IF(H14/100*20=0,"",H14/100*20) | J14: =IF(ISERROR(H14+I14),"",H14+I14)
F15: =IF(E15/100*20=0,"",E15/100*20) | G15: =IF(ISERROR(E15+F15),"",E15+F15) | H15: =E15*J26 -> 0 | I15: =IF(H15/100*20=0,"",H15/100*20) | J15: =IF(ISERROR(H15+I15),"",H15+I15)
F16: =IF(E16/100*20=0,"",E16/100*20) | G16: =IF(ISERROR(E16+F16),"",E16+F16) | H16: =E16*J26 -> 0 | I16: =IF(H16/100*20=0,"",H16/100*20) | J16: =IF(ISERROR(H16+I16),"",H16+I16)
F17: =IF(E17/100*20=0,"",E17/100*20) | G17: =IF(ISERROR(E17+F17),"",E17+F17) | H17: =E17*J26 -> 0 | I17: =IF(H17/100*20=0,"",H17/100*20) | J17: =IF(ISERROR(H17+I17),"",H17+I17)
F18: =IF(E18/100*20=0,"",E18/100*20) | G18: =IF(ISERROR(E18+F18),"",E18+F18) | H18: =E18*J26 -> 0 | I18: =IF(H18/100*20=0,"",H18/100*20) | J18: =IF(ISERROR(H18+I18),"",H18+I18)
F19: =IF(E19/100*20=0,"",E19/100*20) | G19: =IF(ISERROR(E19+F19),"",E19+F19) | H19: =E19*J26 -> 0 | I19: =IF(H19/100*20=0,"",H19/100*20) | J19: =IF(ISERROR(H19+I19),"",H19+I19)
F20: =IF(E20/100*20=0,"",E20/100*20) | G20: =IF(ISERROR(E20+F20),"",E20+F20) | H20: =E20*J26 -> 0 | I20: =IF(H20/100*20=0,"",H20/100*20) | J20: =IF(ISERROR(H20+I20),"",H20+I20)
F21: =IF(E21/100*20=0,"",E21/100*20) | G21: =IF(ISERROR(E21+F21),"",E21+F21) | H21: =E21*J26 -> 0 | I21: =IF(H21/100*20=0,"",H21/100*20) | J21: =IF(ISERROR(H21+I21),"",H21+I21)
F22: =IF(E22/100*20=0,"",E22/100*20) | G22: =IF(ISERROR(E22+F22),"",E22+F22) | H22: =E22*J26 -> 0 | I22: =IF(H22/100*20=0,"",H22/100*20) | J22: =IF(ISERROR(H22+I22),"",H22+I22)
F23: =IF(E23/100*20=0,"",E23/100*20) | G23: =IF(ISERROR(E23+F23),"",E23+F23) | H23: =E23*J26 -> 0 | I23: =IF(H23/100*20=0,"",H23/100*20) | J23: =IF(ISERROR(H23+I23),"",H23+I23)
F24: =IF(E24/100*20=0,"",E24/100*20) | G24: =IF(ISERROR(E24+F24),"",E24+F24) | H24: =E24*J26 -> 0 | I24: =IF(H24/100*20=0,"",H24/100*20) | J24: =IF(ISERROR(H24+I24),"",H24+I24)
A25: 201 | B25: Instruction de montage | C25: Gratuit | D25: 0 | E25: 0 | F25: =IF(E25/100*20=0,"",E25/100*20) | G25: =IF(ISERROR(E25+F25),"",E25+F25) | H25: =E25*J26 -> 0 | I25: =IF(H25/100*20=0,"",H25/100*20) | J25: =IF(ISERROR(H25+I25),"",H25+I25)
H26: Taux change FCFA | J26: 659.17
D27: TVA : Le taux normal est de 18%, certains produits étant taxés à 10% et 25 % (voir détails au "tarif douanier") et les exportations sont soumises au taux de 0 %. Sont concernées les entreprises ayant un chiffre d'affaires de plus de 60 M FCFA (prestataires de services) et 80 M FCFA (autres activités) ; ce seuil est réduit jusqu'à 40 M FCFA pour certains prestataires de services et porté à 500 M FCFA pour les exploitants forestiers.
